 Dungeon Crawl Stone Soup version 0.28.0 (webtiles) character file.

Game seed: 7760946121370025176

48 BorgnjorsVileCrotch the Sneak (level 3, -2/33 HPs)
             Began as a Deep Dwarf Delver on Feb 8, 2022.
             Was an Initiate of Qazlal.
             Slain by a hornet zombie (3 damage)
             ... on level 5 of the Dungeon.
             The game lasted 00:01:27 (238 turns).

BorgnjorsVileCrotch the Sneak (Deep Dwarf Delver)    Turns: 238, Time: 00:01:28

Health: -2/33      AC:  3    Str: 17    XL:     3   Next: 50%
Magic:  2/2        EV: 12    Int: 10    God:    Qazlal [......]
Gold:   23         SH:  0    Dex: 14    Spells: 2/2 levels left

rFire   . . .      SeeInvis .   a - +0 hand axe
rCold   . . .      Faith    .   (no shield)
rNeg    . . .      Spirit   .   b - +0 leather armour
rPois   .          Reflect  .   (no helmet)
rElec   .          Harm     .   (no cloak)
rCorr   .          Rampage  .   (no gloves)
Will    .....                   (no boots)
Stlth   +++.......              (no amulet)
HPRegen 0.00/turn               (no ring)
MPRegen 0.08/turn               (no ring)

@: no status effects
A: damage resistance, heal wounds, sense surroundings 1, no regeneration
a: Heal Wounds, Renounce Religion


You were on level 5 of the Dungeon.
You worshipped Qazlal.
Qazlal was noncommittal.
You visited 1 branch of the dungeon, and saw 2 of its levels.

You collected 23 gold pieces.

Inventory:

Hand Weapons
 a - a +0 hand axe (weapon)
Missiles
 h - 5 poisoned darts (quivered)
Armour
 b - a +0 leather armour (worn)
Wands
 g - a wand of digging (3) {@v3}
 j - a wand of mindburst (20)
   (You found it on level 5 of the Dungeon)
Scrolls
 c - a scroll of fog {!r}
 d - a scroll of magic mapping {@r5 !r}
 e - 2 scrolls of fear {!r}
Potions
 f - a potion of haste {@q4 !q}
 i - a potion of heal wounds {unknown}


   Skills:
 - Level 2.6 Fighting
 * Level 4.3 Axes
 - Level 2.1 Dodging
 - Level 6.0 Stealth


You had 2 spell levels left.
You didn't know any spells.
Your spell library was empty.

Dungeon Overview and Level Annotations

Branches:
Dungeon (5/15)
 Temple: D:4-7

Altars:
Fedhas
Gozag
Makhleb
Nemelex Xobeh
Qazlal
Sif Muna


Innate Abilities, Weirdness & Mutations

You are resistant to damage.
You can heal yourself by infusing magical energy.
You passively map a small area around you.
You do not regenerate.


Message History

The hobgoblin completely misses you.
You hit the hobgoblin.
You kill the hobgoblin!
Qazlal accepts your kill.
A dart slug comes into view.
You hit the dart slug but do no damage. The dart slug barely misses you.
You hit the dart slug.
The dart slug is heavily wounded.
The dart slug closely misses you.
You hit the dart slug.
The dart slug is severely wounded.
The dart slug closely misses you.
You hit the dart slug but do no damage.
The dart slug is severely wounded.
You hit the dart slug but do no damage.
The dart slug is severely wounded.
The dart slug bites you.
You hit the dart slug.
You kill the dart slug!
Qazlal accepts your kill.
No target in view!
There is a stone staircase leading down here.
You climb downwards.
There is a stone staircase leading up here.
You open the door.
There is an open door here.
You open the door.
There is an open door here.
Found a white potion.
i - a white potion
Found 23 stones.
Found a scroll of fear.
e - 2 scrolls of fear {!r} (gained 1)
Found a jewelled copper wand.
A hornet zombie comes into view.
You see here a wand of mindburst (20).
j - a wand of mindburst (20)
The hornet zombie hits you!
You are too injured to fight recklessly!
You are too injured to fight recklessly!
You are too injured to fight recklessly!
You are too injured to fight recklessly!
You hit the hornet zombie.
The hornet zombie is lightly damaged.
The hornet zombie hits you!
You hit the hornet zombie.
The hornet zombie is lightly damaged.
The hornet zombie hits you. x2
You fail to use your ability.
The hornet zombie hits you!
* * * LOW HITPOINT WARNING * * *
Your magical essence is drained by the effort!
You feel much better.
The hornet zombie hits you but does no damage.
You hit the hornet zombie.
The hornet zombie is moderately damaged.
The hornet zombie closely misses you. The hornet zombie hits you.
You barely miss the hornet zombie.
The hornet zombie is moderately damaged.
The hornet zombie hits you!
You hit the hornet zombie.
The hornet zombie is moderately damaged.
The hornet zombie barely misses you. The hornet zombie hits you.
You hit the hornet zombie.
The hornet zombie is moderately damaged.
The hornet zombie hits you.
You hit the hornet zombie.
The hornet zombie is heavily damaged.
The hornet zombie hits you.
You barely miss the hornet zombie.
The hornet zombie is heavily damaged.
The hornet zombie closely misses you. The hornet zombie hits you.
You hit the hornet zombie but do no damage.
The hornet zombie is heavily damaged.
The hornet zombie hits you.
You feel much better. The hornet zombie barely misses you.
You hit the hornet zombie but do no damage.
The hornet zombie is heavily damaged.
The hornet zombie hits you. The hornet zombie hits you!
You hit the hornet zombie but do no damage.
The hornet zombie is heavily damaged.
The hornet zombie hits you.
You closely miss the hornet zombie.
The hornet zombie is heavily damaged.
The hornet zombie barely misses you. x2
You closely miss the hornet zombie.
The hornet zombie is heavily damaged.
The hornet zombie barely misses you.
You hit the hornet zombie but do no damage.
You punch the hornet zombie, but do no damage.
The hornet zombie is heavily damaged.
The hornet zombie hits you.
You hit the hornet zombie.
The hornet zombie is heavily damaged.
The hornet zombie hits you! x2
* * * LOW HITPOINT WARNING * * *
You hit the hornet zombie.
The hornet zombie is heavily damaged.
The hornet zombie hits you.
You die...

*
##.##...........#..#.##,.##.#.
# *####.#.##............ ....
................#.##. .. . ,
........##.........., , *
##.####.##...##.#### ,,
,.................. .##
####.##...##.###
.........###.## , ,
####.##@Z...... # #........ ,
* #...##### , ...... , * *
#...### * * #...., , * ,
#.#.## #.#.# * * ,* * * *


You could see a hornet zombie.

Vanquished Creatures
  An orc wizard (D:4)
  An adder (D:4)
  A dart slug (D:4)
  3 orcs (D:4)
  A goblin (D:4)
  2 hobgoblins (D:4)
9 creatures vanquished.

Notes
Turn   | Place    | Note
-------+----------+-------------------------------------------
     0 | D:5      | BorgnjorsVileCrotch the Deep Dwarf Delver began the quest
                  | for the Orb.
     0 | D:5      | Reached XP level 1. HP: 20/20 MP: 1/1
    36 | D:4      | Found a sparkling altar of Nemelex Xobeh.
    41 | D:4      | Found an opulent altar of Gozag.
    45 | D:4      | Found a burning altar of Makhleb.
    47 | D:4      | Found a stormy altar of Qazlal.
    50 | D:4      | Found a shimmering blue altar of Sif Muna.
    54 | D:4      | Found a blossoming altar of Fedhas.
    70 | D:4      | Became a worshipper of Qazlal Stormbringer
    98 | D:4      | Reached skill level 3 in Axes
    98 | D:4      | Reached XP level 2. HP: 20/27 MP: 2/2
   130 | D:4      | Reached skill level 4 in Axes
   130 | D:4      | Reached XP level 3. HP: 11/33 MP: 3/3
   223 | D:5      | Your magical essence is drained by the effort!
   237 | D:5      | HP: 1/33 [hornet zombie (9)]
   238 | D:5      | Slain by a hornet zombie

Illustrated notes

Levels and vault maps discovered:
D:4:      nicolae_cairo_tiling_very_big, layout_basic,
          nicolae_overflow_hallway_of_the_gods, serial_shops, shop,
          grunt_ministairs_11, hangedman_abyss_or_decor_jellyfish_corner
D:5:      layout_basic, uniq_grinder, uniq_pikel, uniq_sigmund,
          uniq_blork_the_orc

Skill      XL: |  1  2 |
---------------+-------+-----
Axes           | 3 4 |  4.3
Fighting       | |  2.6
Dodging        | |  2.1
Stealth        | |  6.0

Action                   || total
-------------------------++-------
Melee: Hand axe          ||    55
       Punch             ||     2
 Abil: Heal Wounds       ||     4
 Stab: Sleeping          ||     3
Armor: Leather armour    ||     8
Dodge: Dodged            ||    43
